 Dungeon Crawl Stone Soup version 0.17-a0-931-g11a8995 (webtiles) character file.

28 FrankMcFuzz the Skirmisher (level 3, -5/34 HPs)
             Began as a Naga Fighter on May 5, 2015.
             Slain by a gnoll (6 damage)
             ... on level 1 of the Dungeon.
             The game lasted 00:03:31 (452 turns).

FrankMcFuzz the Skirmisher (Naga Fighter)            Turns: 452, Time: 00:03:31

Health: -5/34      AC:  7    Str: 19    XL:     3   Next: 12%
Magic:  3/3        EV:  1    Int:  8    God:
Gold:   38         SH:  8    Dex: 10    Spells: 0 memorised, 2 levels left

rFire  . . .     SeeInvis +     a - +0 trident
rCold  . . .     Clarity  .     n - +0 plate armour
rNeg   . . .     SustAb   .     c - +0 shield
rPois  +         Gourm    .     (no helmet)
rElec  .         Spirit   .     (no cloak)
rCorr  .         Warding  .     (no gloves)
rMut   .         Stasis   .     (no barding)
MR     .....                    (no amulet)
Stlth  ..........               (no ring)
                                (no ring)

@: short of breath, very slow, not resistant to hostile enchantments, extremely
unstealthy
A: see invisible, deformed body, poison resistance, slowness 2, slow metabolism
1, spit poison 2, AC +1
a: Spit Poison


You were on level 1 of the Dungeon.
You were not hungry.

You visited 1 branch of the dungeon, and saw 2 of its levels.

You collected 38 gold pieces.

Inventory:

Hand weapons
 a - a +0 trident (weapon)
Armour
 c - a +0 shield (worn)
 n - a +0 plate armour (worn)
Scrolls
 g - a scroll of teleportation {unknown}
 h - a scroll of enchant armour {unknown}
 k - a scroll of noise {unknown}
 l - a scroll of identify {unknown}
Potions
 d - 2 potions of might
Comestibles
 b - a slice of pizza
 e - 2 bread rations
 j - a meat ration
 m - 4 fruits


   Skills:
 + Level 3.4 Fighting
 + Level 2.4 Polearms
 + Level 2.7 Armour
 + Level 2.6 Shields


You had 2 spell levels left.
You didn't know any spells.

Dungeon Overview and Level Annotations

Branches:
Dungeon (2/15)

Altars:

Annotations:
D:2 Ijyb


Innate Abilities, Weirdness & Mutations

You cannot wear boots.
Your serpentine skin is tough (AC +1).
You have supernaturally acute eyesight.
Armour fits poorly on your strangely shaped body.
Your system is resistant to poisons.
You cover ground very slowly.
You have a slow metabolism.
You can spit poison.


Message History

* * * LOW HITPOINT WARNING * * *
The gnoll hits you but does no damage. The gnoll hits you with a flail.
* * * LOW HITPOINT WARNING * * *
You climb upwards.
There is a stone staircase leading down here.
Drink which item? (? for menu, Esc to quit)
It was a potion of curing.
You feel better. The gnoll hits you but does no damage.
Use which ability? (? or * to list)
Press: ? - help, Shift-Dir - straight line, f - gnoll
Aim: a gnoll (lightly wounded)
The splash of poison hits the gnoll.
The gnoll is poisoned.
The gnoll is lightly wounded.
You feel slightly more hungry. The gnoll hits you with a flail.
* * * LOW HITPOINT WARNING * * *
The gnoll hits you but does no damage.
You closely miss the gnoll. The gnoll hits you with a flail!
* * * LOW HITPOINT WARNING * * *
The gnoll hits you.
You die...

...# #...##≈♣.♣≈##.# #
...#####...####'####.###### #
................####......## #
...####....................## #
...# ##.......###..........# #
#### #.......##...........# # #
####.(####...........# # ##
##...g............### # .##
#....@..#......#...# # ..#
##.....g...########.###
..#########.........## #....
..................#.##########..[
....####......................)..
......##.............##########..
#....................# ###
..##..[............#.# #
###................#.## ##


You could see 2 gnolls.

Vanquished Creatures
  An ooze (D:1)
  A giant cockroach (D:1)
  2 goblins (D:1)
  2 hobgoblins (D:1)
  7 jackals (D:1)
  3 kobolds (D:1)
  A ball python (D:1)
  A bat (D:1)
  A giant newt (D:1)
  2 rats (D:1)
21 creatures vanquished.

Notes
Turn   | Place    | Note
--------------------------------------------------------------
     0 | D:1      | FrankMcFuzz, the Naga Fighter, began the quest for the Orb.
     0 | D:1      | Reached XP level 1. HP: 21/21 MP: 1/1
   128 | D:1      | Reached XP level 2. HP: 22/28 MP: 2/2
   366 | D:1      | Reached XP level 3. HP: 23/34 MP: 3/3
   448 | D:2      | Noticed Ijyb
   452 | D:1      | HP: 1/34 [gnoll/flail (8)]
   452 | D:1      | Slain by a gnoll

Action                   || total
-------------------------++-------
Melee: Trident           ||    88
 Abil: Spit Poison       ||     1
  Use: Potion            ||     1
